 Dungeon Crawl Stone Soup version 0.30-a0-118-ga018f8e90f (webtiles) character file.

Game seed: 18123896635949735266

84 Newt the Trooper (level 4, 0/37 HPs)
             Began as a Demonspawn Gladiator on Sept 13, 2022.
             Slain by a sky beast (5 damage)
             ... on level 7 of the Dungeon.
             The game lasted 00:02:28 (3535 turns).

Newt the Trooper (Demonspawn Gladiator)             Turns: 3535, Time: 00:02:29

Health: 0/37       AC:  4    Str: 14    XL:     4   Next: 24%
Magic:  4/4        EV: 12    Int: 10    God:
Gold:   53         SH:  8    Dex: 16    Spells: 3/3 levels left

rFire   . . .      SeeInvis .    k - +0 spear (vorpal)
rCold   . . .      Faith    .    h - +0 buckler
rNeg    . . .      Spirit   .    b - +0 leather armour
rPois   .          Reflect  +    c - +0 helmet
rElec   .          Harm     .    (no cloak)
rCorr   .          Rampage  .    (no gloves)
Will    .....                    (no boots)
Stlth   ++........               m - amulet of reflection
HPRegen 0.12/turn                (no ring)
MPRegen 0.09/turn                (no ring)

@: no status effects
A: powered by pain 1, weakness stinger 2
a: no special abilities


You were on level 7 of the Dungeon.
You visited 1 branch of the dungeon, and saw 5 of its levels.

You collected 124 gold pieces.
You spent 71 gold pieces at shops.

Inventory:

Hand Weapons
 a - a +0 rapier
 k - a +0 vorpal spear (weapon)
Missiles
 d - 2 throwing nets (quivered)
 e - a javelin
Armour
 b - a +0 leather armour (worn)
 c - a +0 helmet (worn)
 f - a +0 ring mail of poison resistance
 h - a +0 buckler (worn)
Jewellery
 m - an amulet of reflection (around neck)
Scrolls
 g - a scroll of identify {unknown}
Potions
 i - a potion of lignification {unknown}
 j - a potion of brilliance {unknown}
 l - 2 potions of might {unknown}
 n - a potion of magic {unknown}
 o - a potion of curing {unknown}
 p - 3 potions of heal wounds {unknown}
 q - a potion of attraction {unknown}
 r - a potion of degeneration {unknown}
 s - a potion of cancellation {unknown}


   Skills:
 + Level 3.9 Fighting
 - Level 2.6 Short Blades
 - Level 1.7 Throwing
 - Level 2.6 Dodging
 - Level 2.0 Stealth


You had 3 spell levels left.
You didn't know any spells.
Your spell library was empty.

Dungeon Overview and Level Annotations

Branches:
Dungeon (4/15)
 Temple: D:4-7

Altars:
Cheibriados

Shops:
D:1 :   D:2 (


Innate Abilities, Weirdness & Mutations

You sometimes gain a little power by taking damage.
You have a tail ending in a sharp stinger.


Message History

The sky beast closely misses you.
You hit the sky beast but do no damage.
The sky beast is moderately wounded.
The sky beast misses you.
You hit the sky beast but do no damage.
You tail-slap the sky beast, but do no damage.
The sky beast is moderately wounded.
You block the sky beast's attack.
You barely miss the sky beast.
The sky beast is moderately wounded.
The sky beast barely misses you.
The sky beast hits you but does no damage.
You hit the sky beast but do no damage. You tail-slap the sky beast.
The sky beast is heavily wounded.
The sky beast hits you. The sky beast shocks you.
You hit the sky beast but do no damage.
Your tail-slap misses the sky beast.
The sky beast is heavily wounded.
You block the sky beast's attack.
You hit the sky beast. You tail-slap the sky beast.
The sky beast is severely wounded.
The sky beast hits you but does no damage.
You miss the sky beast.
The sky beast is severely wounded.
The sky beast hits you but does no damage.
You miss the sky beast.
The sky beast is severely wounded.
You block the sky beast's attack.
You hit the sky beast but do no damage.
The sky beast is severely wounded.
The sky beast hits you. The sky beast shocks you.
* * * LOW HITPOINT WARNING * * *
Throw: 3 throwing nets
Press: ? - help, Q - select action, (/) - cycle Shift-Dir - straight line, f - sky beast
Aim: a sky beast (severely wounded, 50% to hit)
You throw a throwing net.
The throwing net barely misses the sky beast.
The sky beast hits you.
* * * LOW HITPOINT WARNING * * *
The sky beast shocks you.
You die...

#...#..#.#...# ..
.......#....># .
.#.........# #.
##......### . .
#........### ..###.
....##..##..#
......#######.....##.
.....................
(.....Y@...$.........
....###............#.
. ...................
#..#...............
#. #.............##
.. ...#...........# .
....##.....$....#
#... .....###.##.


You could see a sky beast.

Vanquished Creatures
  2 adders (D:3)
  2 worms
  A dart slug (D:3)
  An orc (D:3)
  5 endoplasms
  2 giant cockroaches
  11 goblins
  4 hobgoblins
  7 jackals
  A quokka (D:1)
  3 ball pythons
  4 bats
  2 frilled lizards
  5 kobolds
  3 rats
53 creatures vanquished.

Notes
Turn   | Place    | Note
-------+----------+-------------------------------------------
     0 | D:1      | Newt the Demonspawn Gladiator began the quest for the Orb.
     0 | D:1      | Reached XP level 1. HP: 16/16 MP: 1/1
   191 | D:1      | Reached skill level 1 in Stealth
   444 | D:1      | Found Ophiun's Book Shop.
   535 | D:1      | Gained mutation: You have a small tail. [demonic ancestry]
   535 | D:1      | Reached XP level 2. HP: 10/22 MP: 2/2
  2021 | D:2      | Gained mutation: You have a tail ending in a sharp stinger.
                  | [demonic ancestry]
  2021 | D:2      | Reached XP level 3. HP: 14/28 MP: 3/3
  2260 | D:2      | Reached skill level 3 in Fighting
  2537 | D:2      | Found Fiafiduz's Weapon Shop.
  2545 | D:2      | Bought a +0 vorpal spear for 71 gold pieces
  2944 | D:3      | Found a snail-covered altar of Cheibriados.
  2959 | D:3      | Gained mutation: You sometimes gain a little power by
                  | taking damage. [demonic ancestry]
  2959 | D:3      | Reached XP level 4. HP: 7/37 MP: 4/4
  3389 | D:3      | Found a faded altar of an unknown god.
  3495 | D:4      | You fall into a shaft and drop 3 floors!
  3510 | D:7      | Noticed a sky beast
  3535 | D:7      | Slain by a sky beast

Illustrated notes

Levels and vault maps discovered:
D:1:      roderic_crossed_star, layout_loops_corners, serial_shops,
          nicolae_shop_waterfront, hangedman_feature_mirror
D:2:      layout_rooms, serial_shops, shop_statue
D:3:      layout_rooms, mainiacjoe_overflow_alcove_1,
          shapermc_ecumenical_altar_ellora
D:4:      nicolae_cairo_tiling_large, layout_rooms,
          nicolae_hepliaklqana_monster_ancestors, enter_ossuary_3,
          dreamdust_princess_corridor, st_stairs_3
D:7:      layout_cave_pools, elyvilon_altar_4, serial_shops, shop_statue,
          minmay_hollow_rounded_squares, uniq_prince_ribbit1

Skill      XL: |  1  2  3 |
---------------+----------+-----
Stealth        | 1 2 |  2.0
Fighting       | 3 |  3.9
Short Blades   | |  2.6
Throwing       | |  1.7
Dodging        | |  2.6

Action                   |  1- 3 |  4- 6 || total
-------------------------+-------+-------++-------
Melee: Rapier            |   105 |       ||   105
       Punch             |     1 |       ||     1
       Tailslap          |    14 |     7 ||    21
       Spear             |    61 |    29 ||    90
Throw: Throwing net      |       |     4 ||     4
       Javelin           |       |     1 ||     1
  Use: Scroll            |     3 |       ||     3
 Stab: Sleeping          |     5 |       ||     5
Armor: Leather armour    |    59 |    10 ||    69
Dodge: Dodged            |   100 |    10 ||   110
Block: Buckler           |    29 |    19 ||    48

Table legend: (Time is in decaauts)
 A = Elapsed time spent in this place.
 B = Non-inter-level travel time spent in this place.
 C = Inter-level travel time spent in this place.
 D = Time resting spent in this place.
 E = Time spent auto-exploring this place.
 F = Levels seen in this place.
 G = Mean time per level.
                   A        B        C        D        E       F      G
               +--------+--------+--------+--------+--------+-----+--------+
         Total |   3559 |   3470 |     89 |    988 |   2030 |   5 |  711.8 |
       Dungeon |   3559 |   3470 |     89 |    988 |   2030 |   5 |  711.8 |
               +--------+--------+--------+--------+--------+-----+--------+

Top non-repeatable levels by time:
     D:1: 1640 daAuts
     D:3: 946 daAuts
     D:2: 929 daAuts
     D:7: 42 daAuts
